 Dungeon Crawl Stone Soup version 0.31.0-12-g77e489cdc1 (webtiles) character file.

Game seed: 13786802079403829928

1393 PaiMei the Purveyor of Pain (level 8, -1/55 (60) HPs)
             Began as a Demonspawn Necromancer on Feb 20, 2024.
             Was an Initiate of Kikubaaqudgha.
             Slain by a wight
             ... wielding a +0 halberd
              (7 damage)
             ... on level 6 of the Dungeon.
             The game lasted 00:08:49 (5638 turns).

PaiMei the Purveyor of Pain (DsNe)                  Turns: 5638, Time: 00:08:50

HP:   -1/55 (60)    AC: 14    Str:  8    XL:     8   Next: 41%
MP:   15/15         EV: 13    Int: 18    God:    Kikubaaqudgha [......]
Gold: 250           SH:  5    Dex: 14    Spells: 13/17 levels left

rFire   + . .        y - +3 hand axe
rCold   + . .        (no shield)
rNeg    . . .        o - +3 leather armour
rPois   +            (helmet restricted)
rElec   +            (no cloak)
rCorr   +            n - +0 pair of gloves
SInv    .            h - +2 pair of boots
Will    .....        e - amulet of reflection
Stlth   ++           (no ring)
HPRegen 0.29/turn    (no ring)
MPRegen 0.14/turn

%: reflection, clarity
@: mighty, resistant, drained
A: horns 2, yellow scales 3, foul stench 1, powered by pain 1, clarity,
electricity resistance
a: Renounce Religion


You were on level 6 of the Dungeon.
You worshipped Kikubaaqudgha.
Kikubaaqudgha was noncommittal.
You visited 2 branches of the dungeon, and saw 7 of its levels.

You collected 250 gold pieces.

Inventory:

Hand Weapons
 s - a +1 dagger of draining
 t - a +1 whip of freezing
 y - a +3 hand axe (weapon)
Missiles
 i - 12 poisoned darts (quivered)
Armour
 h - a +2 pair of boots (worn)
 n - a +0 pair of gloves (worn)
 o - a +3 leather armour (worn)
 q - a +0 kite shield
Jewellery
 e - an amulet of reflection (around neck)
 x - a ring of magical power
Scrolls
 c - a scroll of brand weapon {unknown}
 d - 4 scrolls of identify
 f - a scroll of blinking {unknown}
 g - a scroll of noise {unknown}
 m - 2 scrolls of torment
 p - a scroll of fog {unknown}
 r - a scroll of enchant weapon {unknown}
 u - a scroll of amnesia {unknown}
 v - a scroll of fear {unknown}
Potions
 a - 2 potions of curing
 b - a potion of magic
 j - a potion of mutation


   Skills:
 + Level 4.3 Fighting
 + Level 5.0 Dodging
 - Level 2.9 Stealth
 + Level 5.0 Spellcasting
 + Level 7.2 Necromancy


You had 13 spell levels left.
You knew the following spells:

 Your Spells              Type           Power      Damage    Failure   Level
a - Necrotise             Necr           100%       1d9       1%          1
b - Vampiric Draining     Necr           30%        2d8       3%          3

Your spell library contained the following spells:

 Spells                   Type           Power      Damage    Failure   Level
 Animate Dead             Necr           30%        N/A       10%         4
 Curse of Agony           Necr           30%        N/A       28%         5


Dungeon Overview and Level Annotations

Branches:
Dungeon (6/15)             Temple (1/1) D:5

Altars:
Ashenzari
Cheibriados
Dithmenos
Gozag
Hepliaklqana
Kikubaaqudgha
Makhleb
Nemelex Xobeh
Okawaru
Qazlal
Ru
Sif Muna
Uskayaw
Vehumet
Wu Jian
Xom

Annotations:
D:2 Sigmund


Innate Abilities, Weirdness & Mutations

You have a pair of horns on your head.
You are completely covered in yellow scales. (AC +4, rCorr)
You may rarely emit foul miasma when damaged in melee.
You sometimes gain a little power by taking damage.
You possess an exceptional clarity of mind.
You are resistant to electric shocks. (rElec)


Message History

The wight misses you. You block the wight's attack. The wight misses you.
It was a potion of might.
You feel very mighty all of a sudden.
The wight hits you with a +4 dagger of freezing.
You feel drained.
The wight hits you from afar with a +0 halberd.
* * * LOW HITPOINT WARNING * * *
The wight hits you but does no damage.
You feel better. The wight closely misses you. The wight barely misses you.
The wight closely misses you.
You slash the wight!
You destroy the wight!
Kikubaaqudgha accepts your kill. The wight hits you but does no damage.
The wight hits you from afar with a +4 spear.
You feel drained.
* * * LOW HITPOINT WARNING * * *
Your Dodging skill increases to level 5!
Your Spellcasting skill increases to level 5!
You block the wight's attack. The wight hits you with a +4 spear.
* * * LOW HITPOINT WARNING * * *
You feel drained.
You emit a cloud of foul miasma!
Items here: )) [[.
You hear the hiss of a very distant avalanche of sand.
The wight barely misses you.
You slash the wight!
The wight is severely damaged.
The wight hits you but does no damage. The wight closely misses you.
You slash the wight!
You destroy the wight!
Kikubaaqudgha accepts your kill.
You hit the wight. The wight hits you with a +2 scimitar!
* * * LOW HITPOINT WARNING * * *
The wight closely misses you. You block the wight's attack.
You closely miss the wight. Your headbutt misses the wight.
The wight is moderately damaged.
The wight hits you but does no damage.
The wight hits you from afar with a +0 halberd!
You die...
Kikubaaqudgha rasps: "You have failed me!
Welcome... death!"

... ####.. ...
#..... ##'## #.#...
#≈≈≈### ##.#.#.
+≈≈≈'. .#.zz#. #≈≈≈#
.#..##. #'# >..###.
##)########.#.# #z
#@°z#.......#.# #.
#z#.#.####..#.# #z
#.#.#<# #..#.# #.
#.#.######..#.# #z
#......z....#.# #z
#.#######.###.# #.
.............).###.
###.#######...z..z..
#.# ##########


You could see 2 wights.

Vanquished Creatures
  Pikel (D:5)
  An ogre (D:5)
  Blork the orc (D:4)
  A bullfrog (D:6)
  3 scorpions (D:5)
  3 wights (D:6)
  2 bombardier beetles (D:4)
  2 hounds
  An orc priest (D:5)
  2 orc wizards
  Robin (D:4)
  6 adders
  A shadow imp (D:5)
  2 ufetubi (D:5)
  A dart slug (D:4)
  2 ribbon worms
  16 orcs
  12 endoplasms
  6 giant cockroaches
  22 goblins
  12 hobgoblins
  14 jackals
  8 kobolds
  2 quokkas (D:5)
  7 ball pythons
  A bat (D:1)
  2 frilled lizards (D:1)
  A rat (D:1)
133 creatures vanquished.

Vanquished Creatures (collateral kills)
  A goblin (D:4)
  A hobgoblin (D:1)
  A jackal (D:2)
  A quokka (D:2)
4 creatures vanquished.

Grand Total: 137 creatures vanquished

Notes
Turn   | Place    | Note
-------+----------+-------------------------------------------
     0 | D:1      | PaiMei the Demonspawn Necromancer began the quest for the
                  | Orb.
     0 | D:1      | Reached XP level 1. HP: 13/13 MP: 3/3
   175 | D:1      | Gained mutation: You sometimes gain a little power by
                  | taking damage. [demonic ancestry]
   175 | D:1      | Reached XP level 2. HP: 19/19 MP: 0/5
   606 | D:1      | Gained mutation: You may rarely emit foul miasma when
                  | damaged in melee. [demonic ancestry]
   606 | D:1      | Reached XP level 3. HP: 24/24 MP: 1/6
   988 | D:2      | Gained mutation: You are partially covered in yellow
                  | scales. (AC +2) [demonic ancestry]
   988 | D:2      | Reached XP level 4. HP: 30/30 MP: 1/7
  1047 | D:2      | Noticed Sigmund
  1923 | D:2      | Reached skill level 5 in Necromancy
  2629 | D:3      | Gained mutation: You are mostly covered in yellow scales.
                  | (AC +3) [demonic ancestry]
  2629 | D:3      | Reached XP level 5. HP: 35/35 MP: 4/9
  2992 | D:3      | Learned a level 3 spell: Vampiric Draining
  3270 | D:4      | Noticed Robin
  3680 | D:4      | Killed Robin
  3681 | D:4      | Reached skill level 1 in Fighting
  3977 | D:4      | Gained mutation: You have a pair of small horns on your
                  | head. [demonic ancestry]
  3977 | D:4      | Reached XP level 6. HP: 43/43 MP: 0/11
  4099 | D:4      | Noticed Blork the orc
  4110 | D:4      | Killed Blork the orc
  4399 | D:5      | Entered Level 5 of the Dungeon
  4487 | D:5      | Found a staircase to the Ecumenical Temple.
  4549 | D:5      | Found a sacrificial altar of Ru.
  4557 | D:5      | Noticed Pikel
  4608 | D:5      | Killed Pikel
  4609 | D:5      | Reached skill level 6 in Necromancy
  4609 | D:5      | Gained mutation: You have a pair of horns on your head.
                  | [demonic ancestry]
  4609 | D:5      | Reached XP level 7. HP: 44/52 MP: 2/13
  4960 | D:5      | Gained mutation: You are completely covered in yellow
                  | scales. (AC +4, rCorr) [demonic ancestry]
  4960 | D:5      | Reached XP level 8. HP: 30/59 MP: 8/14
  5437 | Temple   | Entered the Ecumenical Temple
  5459 | Temple   | Became a worshipper of Kikubaaqudgha
  5520 | D:6      | Reached skill level 7 in Necromancy
  5628 | D:6      | Gained mutation: You possess an exceptional clarity of
                  | mind. [potion of mutation]
  5628 | D:6      | Gained mutation: You are resistant to electric shocks.
                  | (rElec) [potion of mutation]
  5634 | D:6      | Reached skill level 5 in Dodging
  5634 | D:6      | Reached skill level 5 in Spellcasting
  5638 | D:6      | Slain by a wight

Illustrated notes

Levels and vault maps discovered:
D:1:      minmay_arrival_radiant_lines, layout_rooms
D:2:      layout_basic, uniq_sigmund
D:3:      layout_loops_ring, roderic_malta_cross, nicolae_the_louvre
D:4:      layout_cave_pools, minmay_quantized, uniq_robin, uniq_blork_the_orc
D:5:      layout_rooms, lemuel_crystal_altar, marbit_many_paths,
          minmay_temple_entry_overgrown, chequers_decorated_corner, uniq_pikel
D:6:      layout_basic, mainiacjoe_ossuary_entry_find_the_door,
          nrook_pool_corridor, grunt_ministairs_10, minmay_liquid_box,
          serial_park_tiny_pond
Temple:   nicolae_temple_bog_church

Skill      XL: |  1  2  3  4  5  6  7  8 |
---------------+-------------------------+-----
Stealth        | 2 |  2.9
Dodging        | 2 3 4 5 |  5.0
Necromancy     | 5 6 7 |  7.2
Spellcasting   | 3 4 5 |  5.0
Fighting       | 1 3 4 |  4.3

Action                     |  1- 3 |  4- 6 |  7- 9 || total
---------------------------+-------+-------+-------++-------
  Melee: Flail             |    34 |    12 |       ||    46
         Dagger            |       |    41 |    15 ||    56
         Headbutt          |       |     7 |     5 ||    12
         Hand axe          |       |       |    20 ||    20
   Cast: Necrotise         |    51 |   133 |    47 ||   231
         Vampiric Draining |       |     9 |     1 ||    10
    Use: Potion            |       |       |     6 ||     6
         Scroll            |       |       |     1 ||     1
 Armour: Robe              |    30 |    13 |       ||    43
         Leather armour    |       |    90 |    51 ||   141
  Dodge: Dodged            |    41 |   103 |    63 ||   207
  Block: Other             |     6 |    35 |    23 ||    64
         Reflection        |       |     1 |       ||     1
